cohdb
Replays
Latest Replays
All Replays
Popular Replays
Top Player Replays
Match Explorer
How It Works
Community
CoH3 Stats
Reddit
Sign in to upload your games and track your stats! →
Sign in with Steam
Match 42848099
Unlisted
Match 42848099
Overview
Messages
Build Orders
End
Construct Barracks
Construct Barracks
Selects Armored Battlegroup
Selects Veteran Crews
Riflemen Squad
Riflemen Squad
Riflemen Squad
Grenade Package
Construct Medical Station
Riflemen Squad
Infantry Support Center
Construct Weapon Support Center
Riflemen Squad
Selects Fast Deploy
M3 Armored Personnel Carrier
M1918 Browning Automatic Rifles
Engineer Squad
AI Takeover
最后一战
Monsieur Nathan
0
0
Comments
sign in to comment!
No comments posted yet!